 Dungeon Sprint DCSS version 0.21.1-1-g345015f (webtiles) character file.

3500000 Glory the Conqueror (level 20, -8/197 HPs)
             Began as a Demonspawn Berserker on Apr 9, 2018.
             Was an Initiate of Trog.
             Killed from afar by a large bag of meat (26 damage)
             ... with an exploding inner flame
             ... in the Dungeon (Sprint VIII: "Arena of Blood").
             The game lasted 00:00:58 (35 turns).

Glory the Conqueror (Demonspawn Berserker)            Turns: 35, Time: 00:00:58

Health: -8/197     AC:  8    Str: 24    XL:     20   Next: 91%
Magic:  0/43       EV: 31    Int: 10    God:    Trog [......]
Gold:   0          SH:  0    Dex: 14    Spells: 57/57 levels left

rFire    . . .     SeeInvis .   j - +∞ Axe of Woe
rCold    + . .     Gourm    .   (shield currently unavailable)
rNeg     . . .     Faith    .   b - +0 animal skin
rPois    .         Spirit   +   (no helmet)
rElec    .         Reflect  .   (no cloak)
rCorr    +         Harm     .   (no gloves)
MR       +....     NoTele   +   (boots unavailable)
Stlth    ++++++++..             (no amulet)
HPRegen  10.42/turn             (no ring)
MPRegen  0.56/turn              (no ring)

@: berserk cooldown, slowed, very slow
A: hooves 3, yellow scales 3, cold resistance 1, powered by death 2, magic
shield, magic regeneration, freezing cloud immunity
a: Burn Spellbooks, Renounce Religion


You were in the Dungeon.
You worshipped Trog.
Trog was noncommittal.
You were not hungry.

You visited 1 branch

Inventory:

Hand Weapons
 a - a +0 hand axe
 j - the +∞ Axe of Woe (weapon)
   (You found it in the Dungeon)
Armour
 b - a +0 animal skin (worn)
Scrolls
 i - a scroll of blinking
Potions
 d - a potion of curing
 e - a potion of heal wounds
 f - a potion of haste
 g - 2 potions of magic
 h - a potion of berserk rage
Comestibles
 c - a ration


   Skills:
 O Level 27 Fighting
 O Level 27 Axes
 + Level 23.0 Throwing
 O Level 27 Armour
 O Level 27 Dodging
 + Level 24.5 Stealth
 + Level 22.9 Unarmed Combat
 - Level 19.4 Spellcasting


You had 57 spell levels left.
You didn't know any spells.

Dungeon Overview and Level Annotations

Branches:
Dungeon (1/1)

Altars:
Makhleb


Innate Abilities, Weirdness & Mutations

You have hooves in place of feet.
You are completely covered in yellow scales. (AC +4, rCorr)
Your flesh is cold resistant. (rC+)
You regenerate health from kills.
When hurt, damage is shared between your health and your magic reserves.
You regenerate magic rapidly.
You are immune to freezing clouds.


Message History

The destroyer is wielding a +9 great sword of slicing.
Items here: ))) === †† You are too injured to fight recklessly!
Unknown command.
You are too injured to fight recklessly!
Unknown command.
You are too injured to fight recklessly!
Unknown command.
The destroyer shouts!
You slash The Servant! You chop The Servant into pieces.
You kill The Servant!
Trog accepts your kill.
Your Throwing skill gained 4 levels and is now at level 23!
Your Stealth skill gained 4 levels and is now at level 24!
Your Unarmed Combat skill gained 3 levels and is now at level 22!
You slice the large bag of meat!!
You hew the large bag of meat savagely.
The large bag of meat explodes!
The fiery explosion engulfs the meat berserker.
The fiery explosion engulfs you!
You die...

..... ... #....
..# .. #... ..# .
...###.oO ..###..
.......)###.......
#.....)o._).......
.....#.).).#....
... #_(<)_# . .
#@).))#
#....O§§._....V.
.Voo.§§§###......
.o.###... ..###..
.O #... ..# .
#.... ..# .....
... ......


You could see 2 destroyers, 3 meat berserkers and 5 bags of meat.

Vanquished Creatures
  Harold (D)
  A vampire knight (D)
  5 ogres (D)
  14 orcs (D)
21 creatures vanquished.

Notes
Turn   | Place    | Note
-------+----------+-------------------------------------------
     0 | D        | Found the +∞ Axe of Woe
     0 | D        | Glory the Demonspawn Berserker began the quest for the Orb.
     0 | D        | Reached XP level 1. HP: 18/18 MP: 1/1
     4 | D        | Noticed a bag of meat
     5 | D        | Noticed a bag of meat
     5 | D        | Noticed a bag of meat
     5 | D        | Noticed a meat berserker
     6 | D        | Noticed a bag of meat
     7 | D        | Noticed a bag of meat
     7 | D        | Noticed a bag of meat
     7 | D        | Killed a meat berserker
     7 | D        | Gained mutation: You have large cloven feet. [demonic ancestry]
     7 | D        | Reached XP level 2. HP: 51/51 MP: 2/2
     7 | D        | Reached XP level 3. HP: 58/58 MP: 3/3
     7 | D        | Reached XP level 4. HP: 65/65 MP: 4/4
     7 | D        | Gained mutation: You are partially covered in yellow scales. (AC +2) [demonic ancestry]
     7 | D        | Reached XP level 5. HP: 72/72 MP: 5/5
     7 | D        | Reached XP level 6. HP: 79/79 MP: 6/6
     7 | D        | Gained mutation: You are mostly covered in yellow scales. (AC +3) [demonic ancestry]
     7 | D        | Reached XP level 7. HP: 86/86 MP: 7/7
     7 | D        | Gained mutation: You have hoof-like feet. [demonic ancestry]
     7 | D        | Reached XP level 8. HP: 93/93 MP: 8/8
     7 | D        | Gained mutation: You regenerate a little health from kills. [demonic ancestry]
     7 | D        | Reached XP level 9. HP: 99/99 MP: 9/9
     7 | D        | Reached XP level 10. HP: 107/107 MP: 10/10
     7 | D        | Reached XP level 11. HP: 113/113 MP: 11/11
     7 | D        | Gained mutation: You regenerate health from kills. [demonic ancestry]
     7 | D        | Reached XP level 12. HP: 121/121 MP: 12/12
     7 | D        | Reached XP level 13. HP: 127/127 MP: 13/13
     8 | D        | Noticed a bag of meat
     9 | D        | Killed a bag of meat
     9 | D        | Reached ** piety under Trog
    10 | D        | Noticed a meat berserker
    11 | D        | Noticed a meat berserker
    11 | D        | Noticed a meat berserker
    11 | D        | Killed a bag of meat
    11 | D        | Gained mutation: You have hooves in place of feet. [demonic ancestry]
    11 | D        | Reached XP level 14. HP: 143/143 MP: 14/14
    11 | D        | Killed a bag of meat
    12 | D        | Killed a meat berserker
    12 | D        | Gained mutation: You are completely covered in yellow scales. (AC +4, rCorr) [demonic ancestry]
    12 | D        | Reached XP level 15. HP: 157/157 MP: 15/15
    12 | D        | Reached *** piety under Trog
    12 | D        | Reached skill level 27 in Fighting
    12 | D        | Reached skill level 15 in Armour
    12 | D        | Reached skill level 15 in Dodging
    13 | D        | Reached XP level 16. HP: 167/167 MP: 16/16
    14 | D        | Reached skill level 27 in Axes
    16 | D        | Noticed a meat berserker
    16 | D        | Reached **** piety under Trog
    18 | D        | Killed a meat berserker
    18 | D        | Gained mutation: When hurt, damage is shared between your health and your magic reserves. [demonic ancestry]
    18 | D        | Reached XP level 17. HP: 174/174 MP: 17/17
    19 | D        | Killed a meat berserker
    21 | D        | Gained mutation: You regenerate magic rapidly. [demonic ancestry]
    21 | D        | Reached XP level 18. HP: 182/182 MP: 18/18
    23 | D        | Killed a meat berserker
    23 | D        | Reached ***** piety under Trog
    23 | D        | Reached skill level 27 in Armour
    23 | D        | Reached skill level 27 in Dodging
    25 | D        | Reached skill level 10 in Stealth
    25 | D        | Received a gift from Trog
    25 | D        | Gained mutation: Your flesh is cold resistant. (rC+) [demonic ancestry]
    25 | D        | Reached XP level 19. HP: 189/189 MP: 17/34
    26 | D        | Noticed a large bag of meat
    29 | D        | Noticed a destroyer
    29 | D        | Reached skill level 15 in Stealth
    31 | D        | Reached skill level 15 in Throwing
    31 | D        | Reached skill level 15 in Unarmed Combat
    31 | D        | Reached skill level 15 in Spellcasting
    32 | D        | Noticed The Servant
    33 | D        | Killed a destroyer
    33 | D        | Gained mutation: You are immune to freezing clouds. [demonic ancestry]
    33 | D        | Reached XP level 20. HP: 195/197 MP: 16/42
    34 | D        | Noticed a destroyer
    34 | D        | Noticed a meat berserker
    35 | D        | Noticed a meat berserker
    35 | D        | Noticed a meat berserker
    35 | D        | Noticed a destroyer
    35 | D        | Killed The Servant
    35 | D        | Killed a large bag of meat
    35 | D        | Killed from afar by a large bag of meat

Skill      XL: |  1  2  3  4  5  6  7  8  9 10 11 12 13 14 15 16 17 18 19 20 |
---------------+-------------------------------------------------------------+-----
Fighting       | 20 23 26 27 | 27.0
Axes           | 18 21 24 26 27 | 27.0
Armour         | 11 12 14 16 22 25 27 | 27.0
Dodging        | 11 12 14 15 22 26 27 | 27.0
Throwing       | 11 18 23 | 23.0
Stealth        | 12 20 24 | 24.5
Unarmed Combat | 11 18 22 | 22.9
Spellcasting   | 11 18 19 | 19.4

Action                   |  1- 3 |  4- 6 |  7- 9 | 10-12 | 13-15 | 16-18 | 19-21 || total
-------------------------+-------+-------+-------+-------+-------+-------+-------++-------
Melee: Executioner's axe |     1 |       |       |       |     4 |     7 |     5 ||    17
Invok: Berserk           |     1 |       |       |       |       |       |       ||     1
Dodge: Dodged            |       |       |       |       |       |     2 |     2 ||     4
